 Dungeon Crawl Stone Soup version 0.29-a0-214-g17f627cfee (webtiles) character file.

Game seed: 7451322104732719808

747 Terpe the Chopper (level 7, -2/61 HPs)
             Began as a Hill Orc Fighter on Feb 25, 2022.
             Was an Initiate of Gozag.
             Slain by a gnoll
             ... wielding a +0 halberd
              (5 damage)
             ... on level 5 of the Dungeon.
             The game lasted 00:28:00 (4926 turns).

Terpe the Chopper (Hill Orc Fighter)                Turns: 4926, Time: 00:28:01

Health: -2/61      AC: 12    Str: 21      XL:     7   Next: 77%
Magic:  0/7        EV:  7    Int:  8      God:    Gozag
Gold:   407        SH:  4    Dex:  9 (10) Spells: 6/6 levels left

rFire   . . .      SeeInvis .   g - +0 hand axe (freeze)
rCold   + . .      Faith    .   c - +0 buckler
rNeg    . . .      Spirit   +   k - +0 chain mail
rPois   .          Reflect  .   (no helmet)
rElec   .          Harm     .   (no cloak)
rCorr   +          Rampage  .   (no gloves)
Will    .....                   l - +1 pair of boots
Stlth   ..........              a - amulet of guardian spirit
HPRegen 0.20/turn               e - ring of resist corrosion
MPRegen 0.10/turn               (no ring)

@: mighty
A: cold resistance 1, deterioration 1, subdued magic 1
a: Renounce Religion, Potion Petition, Call Merchant, Bribe Branch


You were on level 5 of the Dungeon.
You worshipped Gozag.
Gozag was aware of your devotion.
You visited 2 branches of the dungeon, and saw 6 of its levels.

You collected 435 gold pieces.
You paid 28 gold pieces to Gozag.

Inventory:

Hand Weapons
 g - a +0 hand axe of freezing (weapon)
 n - a +3 dagger of venom
 p - a +2 hunting sling of freezing
Missiles
 f - 2 atropa-tipped darts (quivered)
 j - 84 stones
 m - 5 javelins
 q - a throwing net
 r - 4 large rocks
Armour
 c - a +0 buckler (worn)
 k - a +0 chain mail (worn)
 l - a +1 pair of boots (worn)
Jewellery
 a - an amulet of guardian spirit (around neck)
 e - a ring of resist corrosion (left hand)
Scrolls
 i - 3 scrolls of blinking
 o - a scroll of noise


   Skills:
 + Level 5.2 Fighting
 + Level 7.8 Axes
 + Level 5.9 Armour
 + Level 0.6 Dodging
 + Level 0.1 Stealth
 + Level 4.2 Shields


You had 6 spell levels left.
You didn't know any spells.
Your spell library contained the following spells:

 Spells                   Type           Power      Damage    Failure   Level
 Magic Dart               Conj           0%         1d3       99%         1
 Call Imp                 Summ           0%         N/A       100%        2
 Call Canine Familiar     Summ           0%         N/A       100%        3
 Conjure Flame            Conj/Fire      0%         6-21      100%        3
 Gell's Gravitas          Tloc           0%         N/A       100%        3
 Ignite Poison            Fire/Tmut/Pois 0%         N/A       100%        3
 Lesser Beckoning         Tloc           0%         N/A       100%        3
 Mephitic Cloud           Conj/Pois/Air  0%         N/A       100%        3
 Portal Projectile        Hex/Tloc       0%         N/A       100%        3
 Teleport Other           Tloc           0%         N/A       100%        3
 Leda's Liquefaction      Hex/Erth       0%         N/A       100%        4
 Sticky Flame             Conj/Fire      0%         2d3       100%        4


Dungeon Overview and Level Annotations

Branches:
Dungeon (5/15)             Temple (1/1) D:4

Altars:
Ashenzari
Cheibriados
Dithmenos
Elyvilon
Gozag
Kikubaaqudgha
Nemelex Xobeh
Okawaru
Qazlal
Sif Muna
Trog
Uskayaw
Vehumet
Wu Jian
Xom
Zin
The Shining One
Beogh

Shops:
D:1 (


Innate Abilities, Weirdness & Mutations

Your flesh is cold resistant. (rC+)
Your body sometimes deteriorates upon taking damage.
Your spells are a little easier to cast, but a little less powerful.


Message History

The gnoll is almost dead.
The gnoll hits you with a +0 club. The gnoll hits you but does no damage.
You hit the gnoll but do no damage.
The gnoll is almost dead.
The gnoll is no longer distracted by gold.
The gnoll hits you but does no damage. x2
You hit the gnoll. You freeze the gnoll.
You kill the gnoll!
The gnoll hits you from afar with a +0 spear.
You barely miss the gnoll. The gnoll hits you with a +0 flail!
Your body deteriorates!
You feel clumsy. The gnoll hits you but does no damage.
You hit the gnoll. You freeze the gnoll.
The gnoll is severely wounded.
The gnoll closely misses you. The gnoll hits you with a +0 flail.
You block the gnoll's attack.
You feel very mighty all of a sudden.
The gnoll hits you but does no damage. x2; You block the gnoll's attack.
You hit the gnoll. You freeze the gnoll.
You kill the gnoll!
You block the gnoll's attack. x2
The gnoll hits you but does no damage. The gnoll hits you with a +0 halberd!
* * * LOW HITPOINT WARNING * * *
The gnoll hits you with a +0 spear.
* * * LOW HITPOINT WARNING * * *
Items here: $ ))) [.
The gnoll hits you from afar with a +0 halberd!
* * * LOW HITPOINT WARNING * * *
The gnoll barely misses you.
You see here 5 gold pieces.
The gnoll hits you but does no damage. The gnoll hits you with a +0 halberd.
* * * LOW HITPOINT WARNING * * *
The gnoll hits you but does no damage.
Items here: $ ))) [.
The gnoll hits you but does no damage. The gnoll barely misses you.
You see here 5 gold pieces.
The gnoll closely misses you.
The gnoll hits you from afar with a +0 halberd.
You die...
Your body crumbles into a pile of gold.

#.#...#.#.##.#
#.#.###.#....# . ###
#.###### .# #.......
.........# #.# ..
####...# .........# #.#
#. #.)....# .........#
#.# #.###<.. .........#
#.##### ####.# ##.#
.........# #.#.@.# #....#
.# .........# #.#.#.#
#.#### ..
.........####.#g#.#####.#
##
..........$g..g.#.......#
..........###############
..........# ..........#
..........# ..........#


You could see 2 gnolls.

Vanquished Creatures
  An ice beast (D:5)
  A gnoll sergeant (D:5)
  2 scorpions
  3 jellies
  A centaur skeleton (D:4)
  An orc priest (D:4)
  A hound (D:4)
  3 iguanas
  An orc wizard (D:4)
  A hound skeleton (D:4)
  5 gnolls
  4 adders
  4 worms
  A dart slug (D:2)
  5 orcs (D:4)
  8 endoplasms
  6 giant cockroaches
  8 goblins
  8 hobgoblins
  3 jackals (D:3)
  5 quokkas
  6 ball pythons
  5 bats
  3 frilled lizards
  5 kobolds
  4 rats
95 creatures vanquished.

Vanquished Creatures (others)
  8 plants (D:4)
  4 toadstools (D:1)
  9 withered plants (D:3)
21 creatures vanquished.

Grand Total: 116 creatures vanquished

Notes
Turn   | Place    | Note
-------+----------+-------------------------------------------
     0 | D:1      | Terpe the Hill Orc Fighter began the quest for the Orb.
     0 | D:1      | Reached XP level 1. HP: 19/19 MP: 1/1
   181 | D:1      | Reached skill level 3 in Axes
   181 | D:1      | Reached XP level 2. HP: 27/27 MP: 2/2
   242 | D:1      | Gained mutation: Your spells are a little easier to cast,
                  | but a little less powerful. [potion of mutation]
   242 | D:1      | Gained mutation: Your body sometimes deteriorates upon
                  | taking damage. [potion of mutation]
   242 | D:1      | Gained mutation: Your flesh is cold resistant. (rC+)
                  | [potion of mutation]
   706 | D:1      | Identified a scroll of acquirement
   706 | D:1      | Acquired an amulet of guardian spirit
   776 | D:1      | Found Anapere's Antique Weapon Emporium.
   993 | D:2      | Reached XP level 3. HP: 33/33 MP: 3/3
  1620 | D:2      | Reached XP level 4. HP: 40/40 MP: 4/4
  1665 | D:2      | Found a faded altar of an unknown god.
  1699 | D:2      | Prayed at the altar of an unknown god.
  1699 | D:2      | Became a worshipper of Beogh the Brigand
  1699 | D:2      | Reached * piety under Beogh
  1893 | D:3      | Found an opulent altar of Gozag.
  1928 | D:3      | Fell from the grace of Beogh
  1928 | D:3      | Became a worshipper of Gozag Ym Sagoz the Greedy
  1941 | D:3      | Found an ancient bone altar of Kikubaaqudgha.
  2031 | D:3      | Reached skill level 4 in Axes
  2232 | D:3      | Noticed a scorpion
  2245 | D:3      | Killed a scorpion
  2246 | D:3      | Reached skill level 5 in Axes
  2246 | D:3      | Reached XP level 5. HP: 42/47 MP: 5/5
  3032 | D:4      | Reached skill level 6 in Axes
  3032 | D:4      | Reached XP level 6. HP: 50/53 MP: 6/6
  3101 | D:4      | Found a radiant altar of Vehumet.
  3286 | D:4      | Found a staircase to the Ecumenical Temple.
  3329 | Temple   | Entered the Ecumenical Temple
  3900 | D:4      | Found a snail-covered altar of Cheibriados.
  3993 | D:4      | Reached skill level 5 in Armour
  4054 | D:4      | Found the +12 glaive of Prune {vorpal}
  4435 | D:5      | Entered Level 5 of the Dungeon
  4479 | D:5      | Reached XP level 7. HP: 60/60 MP: 7/7
  4561 | D:5      | Reached skill level 5 in Fighting
  4561 | D:5      | Reached skill level 7 in Axes
  4917 | D:5      | HP: 1/61 [gnoll/+0 halberd (3)]
  4926 | D:5      | Slain by a gnoll

Illustrated notes

Levels and vault maps discovered:
D:1:      ldierk_water_garden, layout_rooms, serial_shops,
          nicolae_shop_behind_doors, serial_glass, glass_columns_a,
          glass_columns_c, glass_columns_a, minmay_surrounded
D:2:      layout_loops_cross, ebering_ecumenical_altar_rust, minmay_bisected
D:3:      layout_rooms, kiku_gazebo_garden_becter, nicolae_gozag_seed_capital,
          kennysheep_generic_room_3
D:4:      layout_loops_corners, mainiacjoe_overflow_alcove_4,
          mainiacjoe_overflow_boulevard, minmay_temple_entry_crystal_x
D:5:      layout_basic, wad_floor_pattern_1, solitary_fountain, kennysheep_nub,
          minmay_misc_feat_five, corexii_item_surrounded_by_moat, uniq_grinder
Temple:   dshaligram_water_room_temple

Skill      XL: |  1  2  3  4  5  6  7 |
---------------+----------------------+-----
Axes           | 3 5 6 7 |  7.8
Fighting       | 4 5 |  5.2
Armour         | 4 5 |  5.9
Shields        | 4 |  4.2
Dodging        | |  0.6
Stealth        | |  0.1

Action                   |  1- 3 |  4- 6 |  7- 9 || total
-------------------------+-------+-------+-------++-------
Melee: Hand axe          |   110 |   238 |    61 ||   409
       War axe           |     1 |       |       ||     1
  Use: Scroll            |     5 |     2 |     1 ||     8
       Potion            |     3 |     1 |     1 ||     5
Armor: Scale mail        |    45 |     1 |       ||    46
       Chain mail        |       |    80 |    31 ||   111
Dodge: Dodged            |    46 |    56 |    22 ||   124
Block: Buckler           |    18 |    42 |    11 ||    71

Table legend: (Time is in decaauts)
 A = Elapsed time spent in this place.
 B = Non-inter-level travel time spent in this place.
 C = Inter-level travel time spent in this place.
 D = Time resting spent in this place.
 E = Time spent auto-exploring this place.
 F = Levels seen in this place.
 G = Mean time per level.
                   A        B        C        D        E       F      G
               +--------+--------+--------+--------+--------+-----+--------+
         Total |   4962 |   4953 |      9 |    513 |   2537 |   6 |  827.0 |
       Dungeon |   4676 |   4667 |      9 |    513 |   2460 |   5 |  935.2 |
        Temple |    285 |    285 |      0 |      0 |     77 |   1 |  285.0 |
               +--------+--------+--------+--------+--------+-----+--------+

Top non-repeatable levels by time:
     D:4: 1354 daAuts
     D:3: 991 daAuts
     D:1: 991 daAuts
     D:2: 850 daAuts
     D:5: 488 daAuts
  Temple: 285 daAuts
